 Dungeon Crawl Stone Soup version 0.26-a0-708-g17f3b190f9 (webtiles) character file.

Game seed: 15729711873570807620

5165 vt the Cleaver (level 10, -12/93 HPs)
             Began as a Hill Orc Delver on Oct 27, 2020.
             Was a Priest of Yredelemnul.
             Mangled by a slime creature (16 damage)
             ... on level 11 of the Dungeon.
             The game lasted 00:37:32 (3656 turns).

vt the Cleaver (Hill Orc Delver)                    Turns: 3656, Time: 00:37:33

Health: -12/93     AC: 10    Str: 19    XL:     10   Next: 59%
Magic:  12/12      EV: 16    Int: 10    God:    Yredelemnul [***...]
Gold:   420        SH:  3    Dex: 12    Spells: 9/9 levels left

rFire    . . .     SeeInvis .   a - +1 hand axe
rCold    . . .     Faith    +   P - +0 buckler
rNeg     . . .     Spirit   .   A - +0 chain mail
rPois    .         Reflect  .   j - +1 helmet
rElec    .         Harm     .   (no cloak)
rCorr    .         Rampage  .   (no gloves)
MR       .....                  (no boots)
Stlth    ..........             r - amulet of faith {!P}
HPRegen  0.25/turn              o - +4 ring of evasion
MPRegen  0.13/turn              p - +4 ring of evasion

@: hasted, very quick
A: no striking features
a: Recall Undead Slaves, Injury Mirror, Animate Dead, Renounce Religion


You were on level 11 of the Dungeon.
You worshipped Yredelemnul.
Yredelemnul was most pleased with you.
You visited 1 branch of the dungeon, and saw 12 of its levels.

You collected 420 gold pieces.

Inventory:

Hand Weapons
 a - a +1 hand axe (weapon)
 b - a +0 hand crossbow
   (You took it off a big kobold on level 9 of the Dungeon)
 I - a +0 hand axe
   (You found it on level 9 of the Dungeon)
 M - a +1 halberd of freezing
   (You found it on level 9 of the Dungeon)
Missiles
 w - 2 curare-tipped darts (quivered)
 B - 57 arrows
 C - 10 poisoned darts
 F - 4 atropa-tipped darts
 H - 25 bolts
 J - 6 datura-tipped darts
 N - 5 stones
Armour
 j - a +1 helmet (worn)
   (You found it on level 3 of the Dungeon)
 A - a +0 chain mail (worn)
   (You found it on level 7 of the Dungeon)
 P - a +0 buckler (worn)
   (You found it on level 11 of the Dungeon)
Magical Staves
 O - a cursed staff of death {!a, unknown}
   (You found it on level 10 of the Dungeon)
Jewellery
 m - an uncursed ring of stealth
   (You found it on level 4 of the Dungeon)
 n - an uncursed ring of poison resistance {!d}
   (You found it on level 8 of the Dungeon)
 o - a +4 ring of evasion (left hand)
   (You took it off an orc wizard on level 5 of the Dungeon)
 p - a +4 ring of evasion (right hand)
   (You found it on level 1 of the Dungeon)
 r - an amulet of faith (around neck) {!P}
   (You found it on level 2 of the Dungeon)
 R - an uncursed ring of positive energy
   (You found it on level 11 of the Dungeon)
Wands
 g - a wand of digging (3)
 L - a wand of polymorph (6)
   (You found it on level 9 of the Dungeon)
Scrolls
 c - 3 scrolls of fog
 e - 3 scrolls of enchant weapon
 s - 3 scrolls of teleportation {@r4}
 u - a scroll of enchant armour {unknown}
 y - a scroll of remove curse {@r2}
 z - a scroll of vulnerability {!r}
 E - a scroll of random uselessness
Potions
 f - 2 potions of haste {@q3}
 i - a potion of ambrosia
 k - a potion of brilliance
 q - 2 potions of flight
 t - a potion of degeneration
 v - 2 potions of magic
 K - 2 potions of lignification
 S - a potion of invisibility {unknown}


   Skills:
 + Level 9.9 Fighting
 - Level 14.0 Axes
 + Level 5.7 Dodging
 - Level 4.1 Stealth
 + Level 0.0 Shields
 - Level 3.0 Invocations
 - Level 2.0 Evocations


You had 9 spell levels left.
You didn't know any spells.
Your spell library was empty.

Dungeon Overview and Level Annotations

Branches:
Dungeon (12/15)              Lair (0/6) D:8             Orc (0/2) D:12
 Temple: D:4-7

Altars:
Fedhas
Okawaru
Ru
Trog
Vehumet
Wu Jian
Yredelemnul

Annotations:
D:4 Grinder
D:5 Blork the orc
D:6 2 transporters, ArthosElwyn's ghost, novice HuFi
D:10 Erolcha
D:11 exclusion: upstairs


Message History

The boulder beetle evaporates and reforms as a slime creature!
Firing (i - inventory. (/) - cycle)
H - 30 bolts (quivered)
Press: ? - help, Shift-Dir - straight line, f/p - slime creature
Aim: a slime creature You shoot a bolt.
The bolt hits the slime creature!
The slime creature is moderately wounded.
Firing (i - inventory. (/) - cycle)
H - 29 bolts (quivered)
Press: ? - help, Shift-Dir - straight line, f/p - slime creature
Aim: a slime creature (lightly wounded)
You shoot a bolt. The bolt hits the slime creature.
The slime creature is moderately wounded.
Firing (i - inventory. (/) - cycle)
H - 28 bolts (quivered)
Press: ? - help, Shift-Dir - straight line, f/p - slime creature
Aim: a slime creature (lightly wounded)
You shoot a bolt.
The bolt hits the slime creature but does no damage.
The slime creature is lightly wounded.
a - a +1 hand axe (weapon)
You block the slime creature's attack. The slime creature closely misses you.
The slime creature barely misses you.
Unknown command.
Unknown command.
You are too injured to fight recklessly!
You hit the slime creature but do no damage.
The slime creature is lightly wounded.
You hit the slime creature but do no damage.
The slime creature is lightly wounded.
The slime creature hits you!
* * * LOW HITPOINT WARNING * * *
You slash the slime creature!
The slime creature is moderately wounded.
The slime creature misses you.
Okay, then.
Okay, then.
Press: ? - help, v - describe, . - travel
Here: a slime creature (moderately wounded)
The floor.
Evoke which item? (* to show all) (? for menu, Esc to quit)
Aiming: Paralyse
Press: ? - help, Shift-Dir - straight line, f/p - slime creature
Aim: a slime creature (moderately wounded, chance to defeat MR: 34%)
The slime creature easily resists.
The now-empty wand crumbles to dust.
The slime creature barely misses you.
Evoke which item? (* to show all) (? for menu, Esc to quit)
Press: ? - help, Shift-Dir - straight line, p - slime creature The mass of ice explodes!
The iceblast engulfs the slime creature!
The slime creature is heavily wounded.
The slime creature hits you.
* * * LOW HITPOINT WARNING * * *
Evoke which item? (* to show all) (? for menu, Esc to quit)
Press: ? - help, Shift-Dir - straight line The mass of ice explodes!
The now-empty wand crumbles to dust.
The slime creature hits you!
* * * LOW HITPOINT WARNING * * *
Enter note: are you kidding me it doesn't even aim right Evoke which item? (* to show all) (? for menu, Esc to quit)
Okay, then.
Enter note: Evoke which item? (* to show all) (? for menu, Esc to quit)
Okay, then.
You feel better. The slime creature closely misses you.
You feel yourself speed up. The slime creature closely misses you.
You barely miss the slime creature.
The slime creature is heavily wounded.
You hit the slime creature.
The slime creature is heavily wounded.
You slash the slime creature!
The slime creature is severely wounded.
The slime creature hits you!
* * * LOW HITPOINT WARNING * * *
You slash the slime creature!
The slime creature is almost dead.
You hit the slime creature.
The slime creature is almost dead.
The slime creature closely misses you.
Evoke which item? (* to show all) (? for menu, Esc to quit)
Okay, then.
b - a +0 hand crossbow (weapon)
Firing (i - inventory. (/) - cycle)
H - 27 bolts (quivered)
Press: ? - help, Shift-Dir - straight line, f - slime creature
Aim: a slime creature (severely wounded)
You shoot a bolt. The bolt hits the slime creature.
The slime creature is almost dead.
Firing (i - inventory. (/) - cycle)
H - 26 bolts (quivered)
Press: ? - help, Shift-Dir - straight line, f/p - slime creature
Aim: a slime creature (almost dead)
You shoot a bolt.
The bolt completely misses the slime creature.
The slime creature hits you.
* * * LOW HITPOINT WARNING * * *
a - a +1 hand axe (weapon)
You hit the slime creature.
The slime creature is almost dead.
Your chain mail prevents you from hitting the slime creature.
The slime creature is almost dead.
The slime creature hits you!
You die...
Your body rises from the dead as a mindless zombie.

▓▓▓▓▓▓▓▓▓▓▓▓▓▓▓▓
▓..ZZZ.........▓
▓▓.▓▓▓▓▓▓▓▓▓▓▓▓.▓ ▓..)...▓
▓.▓ ▓..▓▓▓.▓ ▓)▓ ▓▓▓▓..▓ ▓.▓
▓▓▓.▓▓▓ ......▓
▓.▓▓▓▓▓▓.....▓
.▓▓▓.▓▓▓▓.....(J@▓▓▓.▓▓▓▓▓▓▓▓
.▓ ▓.▓.......▓▓▓.▓ ▓........▓
.▓ ▓.▓.......▓ ▓.▓▓▓.▓▓▓▓▓▓.▓
.▓▓▓.▓...>...▓▓▓.....▓
▓....▓........▓▓▓▓.▓▓▓
.▓▓▓▓▓....(...▓▓▓▓.▓ .▓
▓........▓..<.▓ .▓
▓......(.▓.▓▓▓▓ .▓
▓▓▓▓▓▓▓▓....▓▓▓▓▓


You could see a slime creature.

Vanquished Creatures
  A two-headed ogre (D:10)
  A gargoyle (D:11)
  2 kobold demonologists (D:11)
  A vampire mosquito (D:11)
  A water moccasin (D:11)
  2 ice beasts
  A phantom (D:11)
  A sky beast (D:7)
  An orc warrior (D:8)
  An eye of draining (D:8)
  4 ogres
  4 centaurs
  A big kobold (D:11)
  6 bullfrogs
  11 killer bees
  5 howler monkeys
  A bullfrog zombie (D:11)
  A centaur zombie (D:8)
  2 hounds
  A bullfrog skeleton (D:8)
  A centaur skeleton (D:9)
  An orc priest (D:8)
  3 iguanas
  3 orc wizards
  2 worker ants
  2 worker ant zombies
  Robin (D:2)
  5 adders
  3 shadow imps
  2 ufetubi
  A worm (D:4)
  A dart slug (D:1)
  4 leopard geckos
  8 orcs
  2 bats
  2 giant cockroaches
  12 goblins
  4 hobgoblins
  8 jackals
  A quokka (D:10)
  3 frilled lizards
  16 kobolds
  2 rats (D:1)
135 creatures vanquished.

Vanquished Creatures (collateral kills)
  An ugly thing (D:11)
  A phantom (D:8)
  2 big kobolds
  2 bullfrogs (D:7)
  3 howler monkeys
  A jelly (D:8)
  A worker ant (D:8)
  An ufetubus (D:7)
  2 kobolds (D:9)
14 creatures vanquished.

Vanquished Creatures (others)
  An ugly thing zombie (D:11)
  A water moccasin zombie (D:11)
  An adder zombie (D:11)
  3 bullfrog zombies
  2 centaur zombies
  A howler monkey zombie (D:8)
  4 kobold zombies
  An ogre zombie (D:11)
  An orc zombie (D:10)
  5 fungi (D:8)
  8 plants
28 creatures vanquished.

Grand Total: 177 creatures vanquished

Notes
Turn   | Place    | Note
-------+----------+-------------------------------------------
     0 | D:5      | vt the Hill Orc Delver began the quest for the Orb.
     0 | D:5      | Reached XP level 1. HP: 19/19 MP: 1/1
    31 | D:5      | Noticed an ogre
    71 | D:4      | Noticed Grinder
    81 | D:5      | Noticed an orc wizard
    82 | D:5      | Noticed a howler monkey
    82 | D:5      | Noticed an iguana
    82 | D:5      | Noticed an orc priest
    89 | D:4      | Noticed an ogre
   107 | D:4      | Reached skill level 3 in Axes
   114 | D:4      | Reached XP level 2. HP: 24/26 MP: 2/2
   176 | D:3      | Noticed a centaur
   184 | D:3      | Killed a centaur
   184 | D:3      | Reached skill level 6 in Axes
   184 | D:3      | Reached XP level 3. HP: 27/31 MP: 3/3
   184 | D:3      | Reached XP level 4. HP: 34/39 MP: 4/4
   247 | D:2      | Noticed Robin
   319 | D:2      | Killed Robin
   359 | D:2      | Reached XP level 5. HP: 40/45 MP: 5/5
   372 | D:2      | Found a sacrificial altar of Ru.
   583 | D:2      | Reached skill level 7 in Axes
   586 | D:2      | Found an ornate altar of the Wu Jian Council.
   629 | D:2      | Found a bloodstained altar of Trog.
   631 | D:2      | Found a radiant altar of Vehumet.
   632 | D:2      | Found a basalt altar of Yredelemnul.
   638 | D:2      | Became a worshipper of Yredelemnul the Dark
   750 | D:5      | Killed an ogre
   750 | D:5      | Reached skill level 8 in Axes
   750 | D:5      | Reached XP level 6. HP: 41/51 MP: 6/6
   781 | D:5      | Noticed Blork the orc
   948 | D:6      | Reached skill level 9 in Axes
   989 | D:6      | Noticed a soldier ant
  1088 | D:6      | Found a transporter.
  1088 | D:6      | Noticed ArthosElwyn's ghost (novice HuFi)
  1092 | D:6      | Found a transporter.
  1109 | D:6      | Reached XP level 7. HP: 46/57 MP: 7/7
  1148 | D:6      | Reached skill level 10 in Axes
  1223 | D:7      | Reached skill level 1 in Evocations
  1293 | D:7      | Reached * piety under Yredelemnul
  1302 | D:7      | Reached skill level 2 in Evocations
  1337 | D:7      | Found a blossoming altar of Fedhas.
  1362 | D:7      | Found an iron altar of Okawaru.
  1425 | D:7      | Reached skill level 11 in Axes
  1425 | D:7      | Reached XP level 8. HP: 58/64 MP: 8/8
  1483 | D:7      | Reached skill level 4 in Fighting
  1556 | D:7      | Reached skill level 5 in Fighting
  1635 | D:7      | Reached skill level 1 in Invocations
  1660 | D:8      | Found a staircase to the Lair.
  1698 | D:8      | Reached skill level 2 in Invocations
  1712 | D:8      | Reached skill level 6 in Fighting
  1826 | D:8      | Reached skill level 12 in Axes
  1826 | D:8      | Reached skill level 2 in Dodging
  1977 | D:8      | Reached skill level 3 in Dodging
  2009 | D:8      | Reached XP level 9. HP: 67/75 MP: 6/10
  2019 | D:8      | Reached ** piety under Yredelemnul
  2057 | D:8      | Reached skill level 4 in Dodging
  2482 | D:9      | Reached skill level 13 in Axes
  2696 | D:10     | Entered Level 10 of the Dungeon
  2734 | D:10     | Reached *** piety under Yredelemnul
  2779 | D:10     | Noticed a two-headed ogre
  2798 | D:10     | Killed a two-headed ogre
  2798 | D:10     | Reached skill level 14 in Axes
  2798 | D:10     | Reached skill level 3 in Invocations
  2798 | D:10     | Reached skill level 7 in Fighting
  2798 | D:10     | Reached XP level 10. HP: 88/88 MP: 10/12
  2915 | D:11     | Noticed a gargoyle
  2927 | D:11     | Killed a gargoyle
  2927 | D:11     | Reached skill level 8 in Fighting
  2944 | D:11     | Noticed a kobold demonologist
  2944 | D:11     | Noticed a kobold demonologist
  2978 | D:11     | Killed a kobold demonologist
  2986 | D:11     | Killed a kobold demonologist
  2986 | D:11     | Reached skill level 9 in Fighting
  2992 | D:11     | Reached skill level 5 in Dodging
  3049 | D:10     | Noticed Erolcha
  3155 | D:11     | Noticed a white ugly thing
  3173 | D:11     | Killed a white ugly thing
  3231 | D:11     | Noticed a boulder beetle
  3251 | D:11     | HP: 15/91 [boulder beetle (27)]
  3495 | D:11     | HP: 21/92 [boulder beetle (51)]
  3567 | D:11     | HP: 20/93 [ice beast (6)]
  3613 | D:12     | Found a staircase to the Orcish Mines.
  3617 | D:12     | Noticed a centaur warrior
  3624 | D:11     | oh come on
  3624 | D:11     | a boulder beetle changed into a slime creature
  3632 | D:11     | HP: 20/93 [slime creature (15)]
  3636 | D:11     | HP: 7/93 [slime creature (8)]
  3637 | D:11     | are you kidding me it doesn't even aim right
  3641 | D:11     | HP: 5/93 [slime creature (9)]
  3653 | D:11     | HP: 4/93 [slime creature (3)]
  3656 | D:11     | Mangled by a slime creature

Illustrated notes

▓▓.▓▓▓▓▓▓▓▓▓▓▓▓.▓ ▓▓ ▓..)...▓ ▓.▓
.▓▓ ▓..▓▓▓.▓ ▓)▓ ..▓▓▓▓▓▓▓▓▓..▓
▓.▓ ▓▓▓.▓▓▓ .............▓
▓.▓▓▓▓▓▓.....▓
........▓▓▓.▓▓▓▓........▓▓▓.▓▓▓▓▓
.▓▓.▓▓▓.▓ ▓.▓.......▓▓▓.▓ ▓......
.▓▓.▓ ▓.▓ ▓.▓.......▓ ▓.▓▓▓.▓▓▓▓▓
..▓.▓▓▓.▓▓▓.▓...@...▓▓▓.....▓
.......▓....▓........▓▓▓▓.▓▓▓
...▓▓▓▓.▓▓▓▓▓........▓▓▓▓.▓ ...▓
▓.▓ ▓........▓..<.▓ ...▓ ▓.▓
▓........▓.▓▓▓▓ .▓.▓ ▓▓.▓
▓▓▓▓▓▓▓▓....▓▓▓▓▓ .▓.▓ ▓..▓
▓▓B.B......▓ .▓.▓ ▓.▓▓
▓▓▓.▓.▓°▓.▓▓.▓
.▓.▓▓▓.▓▓▓▓▓▓▓▓▓.....▓.▓...


Turn 3624 on D:11: oh come on ▓ ▓..)...▓ ▓.▓ ▓▓ ▓..▓▓▓.▓ ▓)▓ .▓▓▓▓▓▓▓▓▓..▓ ▓.▓
▓▓▓.▓▓▓ ............▓ ▓.▓▓▓▓▓▓.....▓ .......▓▓▓.▓▓▓▓........▓▓▓.▓▓▓▓▓▓ ▓▓.▓▓▓.▓
▓.▓.......▓▓▓.▓ ▓....... ▓▓.▓ ▓.▓ ▓.▓.......▓ ▓.▓▓▓.▓▓▓▓▓▓
.▓.▓▓▓.▓▓▓.▓...>...▓▓▓.....▓ ......▓....▓...J@...▓▓▓▓.▓▓▓
..▓▓▓▓.▓▓▓▓▓....(...▓▓▓▓.▓ ..▓ ▓.▓ ▓........▓..<.▓ ..▓ ▓.▓ ▓......(.▓.▓▓▓▓ ▓.▓
▓▓.▓ ▓▓▓▓▓▓▓▓....▓▓▓▓▓ ▓.▓ ▓..▓ ▓▓B.(......▓ ▓.▓ ▓.▓▓ ▓▓▓.▓.▓.▓.▓▓.▓
▓.▓▓▓.▓▓▓▓▓▓▓▓▓.....▓.▓... ▓...............▓.▓.▓.▓.▓▓.. Turn 3637 on D:11: are
you kidding me it doesn't even aim right

Levels and vault maps discovered:
D:1:      sevenhm_arrival_forest_fort_small_6, layout_basic
D:2:      layout_basic, minitemple,
          nicolae_gozag_cash_rules_everything_around_me, lemuel_doored_altar,
          nicolae_ru_awakened_eye, kennysheep_generic_room_9, uniq_natasha,
          uniq_robin
D:3:      layout_loops_ring, moated_statue, uniq_crazy_yiuf_cottage,
          uniq_jessica
D:4:      layout_rooms, serial_bayou_pond_c, uniq_grinder
D:5:      layout_loops_ring, uniq_sigmund, uniq_blork_the_orc
D:6:      layout_basic, gammafunk_ghost_arena
D:7:      layout_rooms, okawaru_gym_becter, minmay_temple_entry_gardened_gates,
          fedhas_altar_2
D:8:      layout_rooms, dpeg_oklobed_lair
D:9:      layout_basic
D:10:     gammafunk_beogh_shrine, layout_loops_ring, uniq_erolcha
D:11:     layout_loops_ring
D:12:     gammafunk_boulding_lane, layout_layer_cave, orc_0_dummy,
          gauntlet_entry_generic, enter_bailey_3

Skill      XL: |  1  2  3  4  5  6  7  8  9 10 |
---------------+-------------------------------+-----
Axes           | 3 6 8 9 11 12 14 | 14.0
Evocations     | 2 |  2.0
Fighting       | 6 7 9 |  9.9
Invocations    | 2 3 |  3.0
Dodging        | 3 4 5 |  5.7
Stealth        | |  4.1

Action                   |  1- 3 |  4- 6 |  7- 9 | 10-12 || total
-------------------------+-------+-------+-------+-------++-------
Melee: Hand axe          |    28 |   162 |   393 |   175 ||   758
       Unarmed           |       |     6 |       |       ||     6
 Fire: Hand crossbow     |       |       |       |     5 ||     5
Throw: Dart              |       |       |     6 |     3 ||     9
Invok: Animate Remains   |       |       |     8 |       ||     8
       Animate Dead      |       |       |     2 |     7 ||     9
Evoke: Wand              |       |     3 |    10 |     9 ||    22
  Use: Scroll            |     3 |     4 |     6 |     3 ||    16
       Potion            |       |     1 |     3 |     2 ||     6
 Stab: Distracted        |     1 |       |     3 |       ||     4
       Sleeping          |       |     5 |     1 |       ||     6
       Paralysed         |       |       |     6 |    11 ||    17
Armor: Ring mail         |    18 |    55 |     7 |       ||    80
       Skin              |       |     1 |    35 |       ||    36
       Chain mail        |       |       |    61 |    28 ||    89
Dodge: Dodged            |    20 |   107 |   215 |    99 ||   441
Block: Buckler           |       |       |       |    12 ||    12

Table legend: (Time is in decaauts)
 A = Elapsed time spent in this place.
 B = Non-inter-level travel time spent in this place.
 C = Inter-level travel time spent in this place.
 D = Time resting spent in this place.
 E = Time spent auto-exploring this place.
 F = Levels seen in this place.
 G = Mean time per level.
                   A        B        C        D        E       F      G
               +--------+--------+--------+--------+--------+-----+--------+
         Total |   3521 |   3482 |     39 |      0 |      0 |  12 |  293.4 |
       Dungeon |   3521 |   3482 |     39 |      0 |      0 |  12 |  293.4 |
               +--------+--------+--------+--------+--------+-----+--------+

Top non-repeatable levels by time:
    D:11: 757 daAuts
     D:8: 499 daAuts
     D:9: 463 daAuts
     D:7: 402 daAuts
     D:6: 354 daAuts
     D:2: 206 daAuts
     D:5: 187 daAuts
     D:1: 179 daAuts
     D:4: 177 daAuts
    D:10: 158 daAuts
     D:3: 125 daAuts
    D:12: 9 daAuts

Table legend:
 A = Kills in this place as a percentage of kills in entire the game.
 B = Kills by you in this place as a percentage of kills by you in the entire game.
 C = Kills by friends in this place as a percentage of kills by friends in the entire game.
 D = Other kills in this place as a percentage of other kills in the entire game.
 E = Experience gained in this place as a percentage of experience gained in the entire game.
 F = Experience gained in this place divided by the number of levels of this place that you have seen.
                   A       B       C       D       E      F
               +-------+-------+-------+-------+-------+----------------------
         Total | 100.0 | 100.0 | 100.0 |   N/A | 100.0 | 614.9
       Dungeon | 100.0 | 100.0 | 100.0 |   N/A | 100.0 | 614.9
               +-------+-------+-------+-------+-------+----------------------
